 Dungeon Crawl Stone Soup version 0.30.1-11-g7821555f0a (webtiles) character file.

Game seed: 114854585459571440

466 lonewolfV2 the Fighter (level 6, -3/62 HPs)
             Began as a Minotaur Fighter on Nov 14, 2023.
             Slain by a gnoll
             ... wielding a +0 halberd
              (12 damage)
             ... on level 4 of the Dungeon.
             The game lasted 00:05:02 (3480 turns).

lonewolfV2 the Fighter (Minotaur Fighter)           Turns: 3480, Time: 00:05:02

Health: -3/62      AC:  9    Str: 20    XL:     6   Next: 81%
Magic:  20/20      EV:  8    Int:  5    God:
Gold:   150        SH:  4    Dex: 12    Spells: 5/5 levels left

rFire   . . .        a - +0 war axe
rCold   . . .        c - +0 buckler
rNeg    . . .        g - +0 chain mail
rPois   .            (helmet restricted)
rElec   .            (no cloak)
rCorr   .            (no gloves)
SInv    .            (no boots)
Will    +....        p
                       - Hermit's Pendant {Faith Invo=14 Evo=0 MP+5} Stlth
                     b - ring of willpower
HPRegen 0.30/turn    (no ring)
MPRegen 0.17/turn

%: faith
@: no status effects
A: horns 2, retaliatory headbutt
a: no special abilities


You were on level 4 of the Dungeon.
You visited 1 branch of the dungeon, and saw 4 of its levels.

You collected 150 gold pieces.

Inventory:

Hand Weapons
 a - a +0 war axe (weapon)
Armour
 c - a +0 buckler (worn)
 g - a +0 chain mail (worn)
Jewellery
 b - a ring of willpower (left hand)
 p - the Hermit's Pendant (around neck) {Faith Invo=14 Evo=0 MP+5}
   (You found it on level 3 of the Dungeon)

   [amulet of faith]

   Invo=14: It sets your Invocations skill to 14.
   Evo=0: It sets your Evocations skill to 0.
   It allows you to gain divine favour quickly.
   MP:        It affects your magic capacity (+5).
Scrolls
 e - a scroll of poison
 f - a scroll of amnesia
 j - a scroll of vulnerability
 n - a scroll of fog
Potions
 d - 2 potions of might
 i - 2 potions of invisibility {unknown}
 k - a potion of lignification {unknown}
 l - 3 potions of flight {unknown}
 m - a potion of curing {unknown}
 o - a potion of ambrosia {unknown}


   Skills:
 - Level 8.8 Fighting
 - Level 2.4 Axes
 - Level 3.6 Armour
 * Level 2.6 Dodging
 - Level 3.6 Shields


You had 5 spell levels left.
You didn't know any spells.
Your spell library contained the following spells:

 Spells                   Type           Power      Damage    Failure   Level
 Slow                     Hex            0%         N/A       99%         1
 Confusing Touch          Hex            0%         N/A       100%        3
 Vampiric Draining        Necr           0%         2d6       100%        3
 Conjure Ball Lightning   Conj/Air       0%         3x3d6     100%        6
 Discord                  Hex            0%         N/A       100%        8
 Disjunction              Tloc           0%         N/A       100%        8


Dungeon Overview and Level Annotations

Branches:
Dungeon (4/15)
 Temple: D:4-7

Altars:
Dithmenos

Shops:
D:1 :

Annotations:
D:4 2 transporters


Innate Abilities, Weirdness & Mutations

You have a pair of horns on your head.
You reflexively headbutt those who attack you in melee.


Message History

You kill the gnoll!
A gnoll comes into view. It is wielding a +0 halberd.
A gnoll comes into view. It is wielding a +0 club.
The gnoll shouts!
Things that are here:
a +0 halberd; 12 gold pieces; a gnoll corpse You hit the gnoll.
You headbutt the gnoll!
You kill the gnoll!
The gnoll barely misses you.
A gnoll comes into view. It is wielding a +0 flail.
You see here a +0 club.
You closely miss the gnoll. Your headbutt misses the gnoll.
The gnoll hits you with a +0 halberd! The gnoll hits you with a +0 flail.
The gnoll hits you with a +0 halberd.
You barely miss the gnoll. You hit the gnoll.
The gnoll hits you with a +0 halberd. You block the gnoll's attack.
You hit the gnoll.
The gnoll is lightly wounded.
You slash the gnoll!
You kill the gnoll!
The gnoll hits you with a +0 halberd.
You barely miss the gnoll.
The gnoll is lightly wounded.
The gnoll hits you with a +0 halberd! x2
* * * LOW HITPOINT WARNING * * *
You hit the gnoll.
The gnoll is moderately wounded.
The gnoll closely misses you.
You hit the gnoll. Your headbutt misses the gnoll.
The gnoll is heavily wounded.
The gnoll hits you with a +0 halberd.
* * * LOW HITPOINT WARNING * * *
You block the gnoll's attack.
You hit the gnoll but do no damage.
The gnoll is heavily wounded.
The gnoll barely misses you.
You hit the gnoll. You headbutt the gnoll.
The gnoll is almost dead.
The gnoll hits you with a +0 halberd!
You die...

#.# #.# ####.# #.# #.# #.#
#.# #.######.# ##########.#
#........# #.<........#
########## #..###.##..######
#..# #.##.......#
#..###)##..####.#
#.....@##.>####.#
#..###g).....##########
######..###.#.......##.....#
#................##..#####.#
#.###.#.####....##....# #.#
#<# #...# ##...#._...# #.#
#.###.### ##..##....# #.#
#.....# #...##..## #.#
#####.##### ##.)....## #.#


You could see a gnoll.

Vanquished Creatures
  A scorpion (D:4)
  A howler monkey (D:4)
  A hound (D:3)
  A sleepcap (D:4)
  Jessica (D:3)
  A gnoll bouda (D:4)
  2 orc wizards (D:4)
  4 adders
  7 gnolls (D:4)
  2 worms
  5 dart slugs
  3 orcs (D:4)
  8 endoplasms
  3 giant cockroaches
  8 goblins
  8 hobgoblins
  6 jackals
  5 quokkas
  6 ball pythons
  5 bats
  5 frilled lizards
  8 kobolds
  6 rats
97 creatures vanquished.

Notes
Turn   | Place    | Note
-------+----------+-------------------------------------------
     0 | D:1      | lonewolfV2 the Minotaur Fighter began the quest for the
                  | Orb.
     0 | D:1      | Reached XP level 1. HP: 19/19 MP: 0/0
    84 | D:1      | Reached skill level 4 in Fighting
   256 | D:1      | Reached XP level 2. HP: 28/28 MP: 1/1
   355 | D:1      | Found Voisiqig's Vocational Training.
   408 | D:1      | Reached skill level 5 in Fighting
   459 | D:1      | Reached XP level 3. HP: 35/36 MP: 2/2
   550 | D:1      | Found a faded altar of an unknown god.
  1695 | D:3      | Reached XP level 4. HP: 44/44 MP: 3/3
  1706 | D:3      | Reached skill level 6 in Fighting
  1770 | D:3      | Noticed Jessica
  1777 | D:3      | Killed Jessica
  1780 | D:3      | Reached XP level 5. HP: 34/51 MP: 4/4
  1868 | D:3      | Reached skill level 7 in Fighting
  2048 | D:3      | Found a faded altar of an unknown god.
  2048 | D:3      | Found the Hermit's Pendant {Faith Invo=14 Evo=0 MP+5}
  2396 | D:4      | Found a shadowy altar of Dithmenos.
  2538 | D:4      | Reached skill level 8 in Fighting
  2640 | D:4      | Reached XP level 6. HP: 61/61 MP: 15/15
  2744 | D:4      | Found a transporter.
  2906 | D:4      | Found a transporter.
  3132 | D:4      | Reached skill level 1 in Dodging
  3480 | D:4      | Slain by a gnoll

Illustrated notes

Levels and vault maps discovered:
D:1:      dpeg_arrival_simpleton_a, layout_loops_ring,
          hellmonk_ecumenical_altar_pennies_from_heaven,
          chequers_serial_rivers_small_b, nicolae_shop_vocational
D:2:      layout_basic
D:3:      layout_basic, minmay_misc_feat_hallway,
          hellmonk_guarded_unrand_hermit, uniq_jessica
D:4:      gammafunk_cloud_chamber, layout_loops_corners,
          nicolae_dithmenos_through_a_glass_darkly

Skill      XL: |  1  2  3  4  5  6 |
---------------+-------------------+-----
Fighting       | 4 5 6 8 |  8.8
Dodging        | 2 |  2.6
Axes           | |  2.4
Armour         | |  3.6
Shields        | |  3.6

Action                     |  1- 3 |  4- 6 || total
---------------------------+-------+-------++-------
  Melee: War axe           |   111 |   108 ||   219
         Headbutt          |     9 |    23 ||    32
    Use: Scroll            |     4 |     3 ||     7
 Armour: Scale mail        |     6 |       ||     6
         Chain mail        |    73 |    62 ||   135
  Dodge: Dodged            |    55 |    52 ||   107
  Block: Buckler           |    30 |    27 ||    57
